 Dungeon Crawl Stone Soup version 0.31-a0-1005-gfbdfbac (webtiles) character file.

Game seed: 10408949856801985160

5 Partyfoot the Ogre Mage (level 1, -1/16 HPs)
             Began as an Ogre Hedge Wizard on Nov 11, 2023.
             Slain by a kobold
             ... wielding a +0 short sword
              (3 damage)
             ... on level 1 of the Dungeon.
             The game lasted 00:01:12 (151 turns).

Partyfoot the Ogre Mage (Ogre Hedge Wizard)          Turns: 151, Time: 00:01:12

Health: -1/16      AC:  3    Str: 13    XL:     1   Next: 80%
Magic:  5/5        EV:  9    Int: 15    God:
Gold:   0          SH:  0    Dex:  8    Spells: 6/7 levels left

rFire   . . .        a - +0 dagger
rCold   . . .        (no shield)
rNeg    . . .        b - +0 robe
rPois   .            c - +0 hat
rElec   .            (no cloak)
rCorr   .            (gloves unavailable)
SInv    .            (boots unavailable)
Will    .....        (no amulet)
Stlth   +            (no ring)
HPRegen 0.22/turn    (no ring)
MPRegen 0.09/turn

%: no passive effects
@: no status effects
A: large, unfitting armour, tough skin 1
a: no special abilities


You were on level 1 of the Dungeon.
You visited 1 branch of the dungeon, and saw 1 of its levels.

Inventory:

Hand Weapons
 a - a +0 dagger (weapon)
Armour
 b - a +0 robe (worn)
 c - a +0 hat (worn)
Scrolls
 e - a scroll of immolation {unknown}
 f - 2 scrolls of identify {unknown}
Potions
 d - a potion of magic


   Skills:
 + Level 1.9 Dodging
 + Level 1.4 Stealth
 + Level 3.7 Spellcasting
 + Level 1.0 Conjurations
 + Level 1.0 Summonings
 + Level 1.0 Translocations


You had 6 spell levels left.
You knew the following spells:

 Your Spells              Type           Power      Damage    Failure   Level
a - Magic Dart            Conj           20%        1d4       12%         1

Your spell library contained the following spells:

 Spells                   Type           Power      Damage    Failure   Level
 Slow                     Hex            8%         N/A       19%         1
 Blink                    Tloc           10%        N/A       19%         2
 Call Imp                 Summ           10%        N/A       19%         2
 Cigotuvi's Dreadful Rot  Necr/Pois/Air  4%         N/A       28%         2
 Mephitic Cloud           Conj/Pois/Air  3%         N/A       43%         3


Dungeon Overview and Level Annotations

Branches:
Dungeon (1/15)

Altars:


Innate Abilities, Weirdness & Mutations

You are too large for most types of armour.
You have tough skin. (AC +1)


Message History

You are too injured to fight recklessly!
You are too injured to fight recklessly!
You are too injured to fight recklessly!
You are too injured to fight recklessly!
You are too injured to fight recklessly!
You are too injured to fight recklessly!
You are too injured to fight recklessly!
You are too injured to fight recklessly!
You are too injured to fight recklessly!
You are too injured to fight recklessly!
You are too injured to fight recklessly!
You are too injured to fight recklessly!
You are too injured to fight recklessly!
You are too injured to fight recklessly!
You miss the kobold.
The kobold is severely wounded.
The kobold hits you with a +0 short sword.
The hobgoblin misses you.
You closely miss the kobold.
The kobold is severely wounded.
The kobold hits you with a +0 short sword.
* * * LOW HITPOINT WARNING * * *
The hobgoblin hits you but does no damage.
You hit the kobold but do no damage.
The kobold is severely wounded.
The hobgoblin hits you but does no damage.
The kobold completely misses you.
You closely miss the kobold.
The kobold is severely wounded.
The kobold hits you but does no damage.
The hobgoblin hits you but does no damage.
You closely miss the kobold.
The kobold is severely wounded.
The kobold hits you with a +0 short sword.
* * * LOW HITPOINT WARNING * * *
The hobgoblin barely misses you.
You hit the kobold but do no damage.
The kobold is severely wounded.
The kobold hits you with a +0 short sword.
You die...

≈≈~~≈~~~~≈≈≈# ≈≈~~≈~≈~~≈≈≈#
≈≈~~~~≈~~≈≈≈# ≈~~~≈~≈≈~≈≈≈#
≈~~≈≈~≈~~~≈≈# # #
≈~≈≈≈~~≈≈~≈≈#####. .##
~~~≈~~~~≈~~≈#....# #.###
............# #Kg# #...#
8.⌠⌠⌠(⌠⌠⌠.8.# #.@## ##.#.##
............ #.#.## ##.#...##
#'###+###+### #....###....#..#
......##..#.# #####...###....#
####...#.##.# ##### #..#.#
###.###..##.######## #.##.#
....# #............# ##.##.#
###.###..##.######.#####...#.#
##.†.#.##.# #.........).#


You could see a hobgoblin and a kobold.

Vanquished Creatures
  A dart slug (D:1)
  A kobold (D:1)
  A frilled lizard (D:1)
  A rat (D:1)
4 creatures vanquished.

Notes
Turn   | Place    | Note
-------+----------+-------------------------------------------
     0 | D:1      | Partyfoot the Ogre Hedge Wizard began the quest for the
                  | Orb.
     0 | D:1      | Reached XP level 1. HP: 16/16 MP: 5/5
    87 | D:1      | Reached skill level 1 in Conjurations
    87 | D:1      | Reached skill level 1 in Summonings
    87 | D:1      | Reached skill level 1 in Translocations
   151 | D:1      | Slain by a kobold

Illustrated notes

Levels and vault maps discovered:
D:1:      zaba_arrival_water, layout_loops_ring

Skill      XL: |  1 |
---------------+----+-----
Conjurations   | 1 |  1.0
Summonings     | 1 |  1.0
Translocations | 1 |  1.0
Dodging        | |  1.9
Stealth        | |  1.4
Spellcasting   | |  3.7

Action                     || total
---------------------------++-------
  Melee: Dagger            ||    36
 Armour: Robe              ||    29
  Dodge: Dodged            ||    12

Table legend: (Time is in decaauts)
 A = Elapsed time spent in this place.
 B = Non-inter-level travel time spent in this place.
 C = Inter-level travel time spent in this place.
 D = Time resting spent in this place.
 E = Time spent auto-exploring this place.
 F = Levels seen in this place.
 G = Mean time per level.
                   A        B        C        D        E       F      G
               +--------+--------+--------+--------+--------+-----+--------+
         Total |    151 |    151 |      0 |      0 |     94 |   1 |  151.0 |
       Dungeon |    151 |    151 |      0 |      0 |     94 |   1 |  151.0 |
               +--------+--------+--------+--------+--------+-----+--------+

Top non-repeatable levels by time:
     D:1: 151 daAuts
